 Dungeon Crawl Stone Soup version 0.21.0 (webtiles) character file.

446 wazuzu the Magician (level 6, -9/32 HPs)
             Began as a Deep Elf Wizard on Jan 7, 2018.
             Was a Priest of Ru.
             Killed by divine providence
             ... invoked by an orc priest
              (11 damage)
             ... on level 4 of the Dungeon.
             The game lasted 00:10:05 (3631 turns).

wazuzu the Magician (Deep Elf Wizard)               Turns: 3631, Time: 00:10:06

Health: -9/32      AC:  4    Str:  4    XL:     6   Next: 73%
Magic:  10/17      EV: 13    Int: 25    God:    Ru [***...]
Gold:   124        SH:  0    Dex: 13    Spells: 15/18 levels left

rFire    . . .     SeeInvis .   B - +7 short sword (drain)
rCold    . . .     Gourm    .   (shield unavailable)
rNeg     . . .     Faith    .   a - +0 robe
rPois    .         Spirit   .   C - +0 helmet
rElec    .         Reflect  .   (no cloak)
rCorr    .         Harm     .   l - +0 pair of gloves
MR       .....                  (no boots)
Stlth    ++........             f - amulet of magic regeneration
HPRegen  0.10/turn              (ring unavailable)
MPRegen  0.40/turn              (no ring)

@: very slightly contaminated
A: missing a hand
a: Draw Out Power, Renounce Religion


You were on level 4 of the Dungeon.
You worshipped Ru.
Ru was most pleased with you.
You were not hungry.

You visited 1 branch of the dungeon, and saw 4 of its levels.

You collected 124 gold pieces.

Inventory:

Hand Weapons
 B - a +7 short sword of draining (weapon)
Armour
 a - a +0 robe (worn)
 b - a +0 hat
 l - a +0 pair of gloves (worn)
 C - a +0 helmet (worn)
Jewellery
 f - an amulet of magic regeneration (around neck)
Wands
 q - a wand of random effects (30)
 s - a wand of digging (15)
Scrolls
 e - 2 scrolls of remove curse
 g - a scroll of enchant weapon {unknown}
 h - a scroll of magic mapping {unknown}
 j - 4 scrolls of identify
 k - a scroll of immolation {unknown}
 n - a scroll of fog {unknown}
 o - a scroll of enchant armour {unknown}
 p - a scroll of fear {unknown}
 r - a scroll of blinking {unknown}
 v - a scroll of amnesia {unknown}
 y - a scroll of random uselessness {unknown}
Potions
 i - 3 potions of ambrosia
 t - a potion of brilliance {unknown}
 u - a potion of curing {unknown}
 w - a potion of flight {unknown}
 x - a potion of lignification {unknown}
 z - a potion of haste {unknown}
Books
 c - a book of Minor Magic

   Spells                             Type                      Level
   a - Magic Dart                     Conjuration                  1
   b - Blink                          Translocation                2
   c - Call Imp                       Summoning                    2
   d - Slow                           Hexes                        2
   e - Conjure Flame                  Conjuration/Fire             3
   f - Mephitic Cloud                 Conjuration/Poison/Air       3
Comestibles
 d - 8 rations
 A - 2 chunks of flesh


   Skills:
 - Level 2.4 Dodging
 - Level 2.4 Stealth
 + Level 6.7 Spellcasting
 - Level 6.1 Conjurations
 * Level 2.3 Summonings
   Level 1.1 Translocations


You had 15 spell levels left.
You knew the following spells:

 Your Spells              Type           Power        Failure   Level  Hunger
a - Magic Dart            Conj           ####         1%          1    None
b - Call Imp              Summ           ###.....     4%          2    None


Dungeon Overview and Level Annotations

Branches:
Dungeon (4/15)
 Temple: D:4-7

Altars:
Ashenzari
Elyvilon
Hepliaklqana
Makhleb
Qazlal
Ru
Vehumet


Innate Abilities, Weirdness & Mutations

You are missing a hand.


Message History

The orc priest is severely wounded.
Casting: Magic Dart
Confirm with . or Enter, or press ? or * to list all spells.
Aiming: Magic Dart
Press: ? - help, Shift-Dir - straight line, f/p - orc priest
Aim: an orc priest, wielding a flail and wearing a leather armour (severely wounded)
The magic dart hits the orc priest.
The orc priest is almost dead.
The orc priest hits you with a flail!
* * * LOW HITPOINT WARNING * * *
Casting: Magic Dart
Confirm with . or Enter, or press ? or * to list all spells.
Aiming: Magic Dart
Press: ? - help, Shift-Dir - straight line, f/p - orc priest
Aim: an orc priest, wielding a flail and wearing a leather armour (almost dead)
The magic dart hits the orc priest.
The orc priest is almost dead.
The orc priest mumbles some strange prayers to Beogh against you.
Beogh smites you!
You die...
P

###............#
##..###
.♣♣♣##..............#
####
PPP♣#.........)....##
.♣.♣♣..............#
PP................##
P..P♣♣............#
..PP.♣.#.........##
♣♣♣♣♣.#####......#
#♣♣♣.## ###.##@#
##..## ####o.# ....#
#o.# #.♣.♣♣ ##)#
.♣P..♣ .. ♣♣♣♣PP♣ #[#
♣ P.P♣ .. ♣ ♣..P ..#
♣P.♣


You could see an orc priest and an orc.

Vanquished Creatures
  A phantom (D:4)
  2 scorpions (D:4)
  A hound (D:4)
  An orc priest (D:3)
  A bullfrog skeleton (D:4)
  2 worker ants (D:3)
  A hound skeleton (D:4)
  Robin (D:4)
  2 adders (D:2)
  A gnoll (D:1)
  2 dart slugs (D:1)
  8 orcs
  3 ball pythons
  A giant cockroach (D:3)
  13 goblins
  13 hobgoblins
  3 jackals (D:1)
  8 kobolds
  A quokka (D:3)
  5 frilled lizards
  6 rats
76 creatures vanquished.

Vanquished Creatures (others)
  A plant (D:4)
1 creature vanquished.

Grand Total: 77 creatures vanquished

Notes
Turn   | Place    | Note
-------+----------+-------------------------------------------
     0 | D:1      | wazuzu the Deep Elf Wizard began the quest for the Orb.
     0 | D:1      | Reached XP level 1. HP: 10/10 MP: 7/7
   367 | D:1      | Reached XP level 2. HP: 13/15 MP: 3/9
   704 | D:1      | Reached XP level 3. HP: 19/19 MP: 2/11
   899 | D:1      | Reached skill level 5 in Spellcasting
  1380 | D:2      | Found a radiant altar of Vehumet.
  1384 | D:2      | Found a sacrificial altar of Ru.
  1386 | D:2      | Found a burning altar of Makhleb.
  1392 | D:2      | Became a worshipper of Ru the Awakened
  1934 | D:3      | Reached XP level 4. HP: 22/24 MP: 10/13
  2238 | D:3      | Found a stormy altar of Qazlal.
  2379 | D:3      | Found a white marble altar of Elyvilon.
  2380 | D:3      | Found a hazy altar of Hepliaklqana.
  2606 | D:3      | Reached XP level 5. HP: 28/28 MP: 12/15
  2679 | D:3      | Found a shattered altar of Ashenzari.
  2911 | D:4      | Gained mutation: You are missing a hand. [Ru sacrifice]
  2911 | D:4      | Reached * piety under Ru
  2911 | D:4      | Reached ** piety under Ru
  2911 | D:4      | Reached *** piety under Ru
  3008 | D:4      | Noticed a phantom
  3028 | D:4      | Killed a phantom
  3028 | D:4      | Reached skill level 5 in Conjurations
  3061 | D:4      | Reached XP level 6. HP: 32/32 MP: 12/17
  3065 | D:4      | Learned a level 2 spell: Call Imp
  3392 | D:4      | Noticed Robin
  3446 | D:4      | Killed Robin
  3631 | D:4      | Killed from afar by an orc priest

Skill      XL: |  1  2  3  4  5  6 |
---------------+-------------------+-----
Conjurations   | 2 3 4 5 6 |  6.1
Spellcasting   | 5 6 |  6.7
Summonings     | 2 |  2.3
Dodging        | |  2.4
Stealth        | |  2.4
Translocations | |  1.1

Action                   |  1- 3 |  4- 6 || total
-------------------------+-------+-------++-------
Melee: Unarmed           |     5 |       ||     5
       Short sword       |       |     1 ||     1
 Cast: Magic Dart        |    89 |   133 ||   222
       Call Imp          |       |     2 ||     2
Invok: Sacrifice a Hand  |       |     1 ||     1
  Use: Scroll            |       |     2 ||     2
  Eat: Chunk             |     3 |     5 ||     8
Armor: Robe              |       |     5 ||     5
Dodge: Dodged            |    18 |    26 ||    44
